 Dungeon Crawl Stone Soup version 0.28.0-53-g5a82cb258f (webtiles) character file.

Game seed: 14235321392212303718

161 bnorton916 the Magician (level 5, 0/28 HPs)
             Began as a Deep Elf Fire Elementalist on June 8, 2022.
             Slain by an orc
             ... wielding a +0 whip
              (4 damage)
             ... on level 3 of the Dungeon.
             The game lasted 00:01:56 (2564 turns).

bnorton916 the Magician (DEFE)                      Turns: 2564, Time: 00:01:56

Health: 0/28       AC:  2    Str:  5    XL:     5   Next: 18%
Magic:  20/23      EV: 12    Int: 22    God:
Gold:   94         SH:  0    Dex: 15    Spells: 12/13 levels left

rFire   . . .      SeeInvis .   g - +2 dagger (elec)
rCold   . . .      Faith    .   (no shield)
rNeg    . . .      Spirit   .   a - +0 robe
rPois   .          Reflect  .   (no helmet)
rElec   .          Harm     .   (no cloak)
rCorr   +          Rampage  .   (no gloves)
Will    .....                   (no boots)
Stlth   ++........              (no amulet)
HPRegen 0.09/turn               l - ring of resist corrosion
MPRegen 0.18/turn               n - ring of magical power

@: no status effects
A: no striking features
a: no special abilities


You were on level 3 of the Dungeon.
You visited 1 branch of the dungeon, and saw 3 of its levels.

You collected 94 gold pieces.

Inventory:

Hand Weapons
 g - a +2 dagger of electrocution (weapon)
 k - a +2 flail of holy wrath
Missiles
 b - 10 poisoned darts
 f - 35 stones
 j - 4 javelins
Armour
 a - a +0 robe (worn)
Jewellery
 l - a ring of resist corrosion (left hand)
 n - a ring of magical power (right hand)
 q - an amulet of faith
Scrolls
 d - 2 scrolls of identify {unknown}
 e - a scroll of summoning {unknown}
 i - 3 scrolls of noise {unknown}
 o - a scroll of fog {unknown}
 r - a scroll of enchant armour {unknown}
Potions
 c - a potion of flight {unknown}
 h - 3 potions of lignification {unknown}
 m - 2 potions of berserk rage {unknown}
 p - 2 potions of degeneration {unknown}
 s - a potion of heal wounds {unknown}


   Skills:
 - Level 2.4 Dodging
 - Level 2.4 Stealth
 + Level 4.8 Spellcasting
 + Level 3.2 Conjurations
 + Level 4.6 Fire Magic


You had 12 spell levels left.
You knew the following spells:

 Your Spells              Type           Power      Damage    Failure   Level
a - Foxfire               Conj/Fire      88%        2x1d8     1%          1

Your spell library contained the following spells:

 Spells                   Type           Power      Damage    Failure   Level
 Scorch                   Fire           50%        2d7       2%          2
 Conjure Flame            Conj/Fire      22%        6-21      6%          3
 Inner Flame              Hex/Fire       15%        N/A       12%         3
 Corpse Rot               Necr/Air       10%        N/A       16%         2
 Poisonous Vapours        Pois/Air       10%        N/A       16%         2
 Flame Wave               Conj/Fire      22%        2d7       21%         4


Dungeon Overview and Level Annotations

Branches:
Dungeon (3/15)

Altars:


Message History

Ijyb is heavily wounded.
The orc misses you. Ijyb barely misses you.
Casting: Foxfire (safe; 2% risk of failure)
Confirm with . or Enter, or press ? or * to list all spells.
You conjure some foxfire!
The orc hits you with a +0 whip.
The foxfire hits the orc wizard.
The orc wizard is moderately wounded.
Ijyb misses you.
The foxfire hits Ijyb.
Ijyb is heavily wounded.
The orc misses you. Ijyb hits you with a +0 dagger.
Unknown command.
The orc wizard mumbles some strange words.
The orc wizard flickers and vanishes!
Deactivating autopickup; reactivate with Ctrl-A.
Ijyb screams, "Get away!"
You are confused.
The orc closely misses you. Ijyb hits you with a +0 dagger.
You bump into the rock wall.
The orc barely misses you. Ijyb closely misses you.
Ijyb screams, "Get away!"
Something hits you.
You barely miss the orc.
The orc is heavily wounded.
You feel less confused. The orc misses you.
Something hits you but does no damage. Ijyb hits you with a +0 dagger.
Unknown command.
You hit Ijyb but do no damage. Lightning courses through Ijyb!
You kill Ijyb!
The orc hits you with a +0 whip.
You hear some strange, mumbled words.
A puff of flame appears from out of thin air!
The puff of flame hits you!
* * * LOW HITPOINT WARNING * * *
You have reached level 5!
Casting: Foxfire (safe; 1% risk of failure)
Confirm with . or Enter, or press ? or * to list all spells.
You conjure some foxfire!
The orc hits you with a +0 whip.
You die...

....>.......# .))........)#
##........g..###########
..>##########..........#
.### #...#..........# .
...###...#..........#
......##..##...##...#######
....#.....# #v##...##..##
..........#.###v@{.......#
...............)o#......####
..).....##.......#.........#
........###................#
........###.....#..........#
.................##........#
.................####....###
.................# ###...#
#.....#..........# #####


You could see an orc (ally target).

Vanquished Creatures
  A hound (D:3)
  Ijyb (D:3)
  3 gnolls (D:2)
  3 adders
  A dart slug (D:1)
  2 orcs (D:3)
  5 ball pythons
  An endoplasm (D:2)
  2 giant cockroaches
  5 goblins
  3 hobgoblins
  7 kobolds
  A quokka (D:2)
  5 bats
  5 frilled lizards
  4 rats
49 creatures vanquished.

Vanquished Creatures (others)
  253 foxfires
253 creatures vanquished.

Grand Total: 302 creatures vanquished

Notes
Turn   | Place    | Note
-------+----------+-------------------------------------------
     0 | D:1      | bnorton916 the Deep Elf Fire Elementalist began the quest
                  | for the Orb.
     0 | D:1      | Reached XP level 1. HP: 10/10 MP: 6/6
    36 | D:1      | Noticed a lindwurm
    36 | D:1      | Noticed an anaconda
    36 | D:1      | Noticed a swamp drake
    37 | D:1      | Noticed a polar bear
    37 | D:1      | Noticed a wolf
   260 | D:1      | Found a faded altar of an unknown god.
   393 | D:1      | Reached XP level 2. HP: 15/15 MP: 1/8
  1398 | D:2      | Reached XP level 3. HP: 19/19 MP: 0/10
  1480 | D:2      | Reached XP level 4. HP: 18/24 MP: 2/12
  2531 | D:3      | Noticed Ijyb
  2563 | D:3      | Killed Ijyb
  2564 | D:3      | Reached XP level 5. HP: 4/28 MP: 14/14
  2564 | D:3      | Slain by an orc

Illustrated notes

Levels and vault maps discovered:
D:1:      onia_arrival_zoo_common, layout_rooms,
          hellmonk_ecumenical_altar_zigzags
D:2:      layout_rooms, grunt_ministairs_13
D:3:      layout_rooms, uniq_ijyb, uniq_crazy_yiuf_cottage

Skill      XL: |  1  2  3  4 |
---------------+-------------+-----
Conjurations   | 2 3 |  3.2
Spellcasting   | 4 |  4.8
Fire Magic     | 4 |  4.6
Dodging        | |  2.4
Stealth        | |  2.4

Action                   |  1- 3 |  4- 6 || total
-------------------------+-------+-------++-------
Melee: Dagger            |       |     2 ||     2
 Cast: Foxfire           |    93 |    62 ||   155
Armor: Robe              |       |     3 ||     3
Dodge: Dodged            |     4 |    12 ||    16
